[Event "HSG Open 2022 A"]
[Site "Hilversum, Netherlands"]
[Date "2022.06.19"]
[Round "6.4"]
[White "Pham, Khoi"]
[Black "Elgersma, Onno"]
[Result "1-0"]
[TimeControl "1:50 + 0.10"]
[WhiteElo "2244"]
[BlackElo "2312"]

1. e4 c6 2. d4 d5 3. e5 Bf5 4. h4 h5 5. Bd3 Bxd3 6. Qxd3 Qa5+ 7. Nd2 e6 8. Ngf3 Nh6 9. O-O Nf5 10.
Nb3 Qa6 11. Qd1 b6 12. Bg5 c5 13. c3 Nc6 14. dxc5 Bxc5 15. Nxc5 bxc5 16. Re1 Qb7 17. b3 Qd7 18. Nd2 a5 19.
Nf1 a4 20. Ne3 Nxe3 21. Rxe3 d4 22. cxd4 cxd4 23. Rd3 Qd5 24. Rc1 axb3 25. axb3 Qe4 26. Rc5 Ra6 27. b4 O-O 28. b5 Nb4 29.
Rxd4 1-0

[Event "HSG Open 2022 A"]
[Site "Hilversum, Netherlands"]
[Date "2022.06.19"]
[Round "6.5"]
[White "De Winter, Arthur"]
[Black "Van Foreest, Machteld"]
[Result "0-1"]
[TimeControl "1:50 + 0.10"]
[WhiteElo "2126"]
[BlackElo "2295"]

1. e4 c5 2. Nf3 e6 3. b3 b6 4. Bb2 Bb7 5. Nc3 Nc6 6. d4 cxd4 7. Nxd4 Nf6 8. Nxc6 dxc6 9. e5 Qxd1+ 10. Rxd1 Nd5 11. Ne4 O-O-O 12. a3 Be7 13. g3 c5 14. Bg2 f5 15. Nd2 Kb8 16. Rg1 b5 17. c4 bxc4 18. Nxc4 Rd7 19.
Na5 Ba8 20. Ke2 Rhd8 21. Rc1 Bg5 22. Rxc5 Nf4+ 23. gxf4 Rd2+ 24. Ke1 Rd1+ 25. Ke2 R8d2+ 26. Ke3 Rd3+ 27. Ke2 R1d2+ 28. Ke1 Bh4 29.
Rb5+ Kc8 30. Bxa8 Rxf2 31. Rc5+ Kb8 32. Bb7 Rxh2+ 0-1

[Event "HSG Open 2022 A"]
[Site "Hilversum, Netherlands"]
[Date "2022.06.19"]
[Round "6.6"]
[White "Becx, Cesar"]
[Black "Grutter, Tim"]
[Result "1/2-1/2"]
[TimeControl "1:50 + 0.10"]
[WhiteElo "2139"]
[BlackElo "2234"]

1. f4 g6 2. Nf3 Bg7 3. d3 c5 4. g3 e6 5. Bg2 Ne7 6. O-O Nbc6 7. Nc3 d5 8. e4 dxe4 9. dxe4 Qxd1 10.
Rxd1 Nd4 11. Nxd4 Bxd4+ 12. Kf1 Bxc3 13. bxc3 Bd7 14. c4 O-O-O 15. Bb2 Rhe8 16. Bf6 Ba4 17. Rxd8+ Kxd8 18. Ke2 Kc8 19.
Kd3 Rd8+ 20. Kc3 Rd7 21. Bxe7 Rxe7 22. e5 Rd7 23. Bf3 Kc7 24. Rd1 Rxd1 25. Bxd1 Bc6 26. g4 a6 27. Be2 Be4 28.
Bd3 Bf3 29. g5 Kb6 30. Kb3 Ka5 31. Ka3 Bc6 32. h4 b5 33. cxb5 axb5 34. c4 b4+ 35. Kb2 Bf3 36. Bf1 Ka4 37.
Bd3 Ka5 1/2-1/2

[Event "HSG Open 2022 A"]
[Site "Hilversum, Netherlands"]
[Date "2022.06.19"]
[Round "6.7"]
[White "Khabichev, Valeriy"]
[Black "De Groote, Ewoud"]
[Result "0-1"]
[TimeControl "1:50 + 0.10"]
[WhiteElo "2075"]
[BlackElo "2233"]

1. e4 e5 2. Nf3 Nc6 3. Bc4 Bc5 4. b4 Bxb4 5. c3 Be7 6. d4 Na5 7. Bd3 d6 8. dxe5 dxe5 9. Nxe5 Nf6 10.
O-O O-O 11. Qa4 c5 12. Rd1 Qc7 13. Nf3 c4 14. e5 cxd3 15. exf6 Bxf6 16. Rxd3 Qc4 17. Qxc4 Nxc4 18. Nd4 Re8 19.
Bd2 Bd7 20. h3 Rad8 21. g4 Ba4 22. Rg3 Bxd4 23. cxd4 Rxd4 24. Bc3 Rd1+ 25. Kh2 Re2 26. Rg1 Rxf2+ 27. Kg3 Rxg1+ 28. Kxf2 Rh1 29.
Be1 Rxh3 30. Nc3 Bc6 31. Rd1 Rf3+ 32. Ke2 h6 33. Rd4 Ne5 34. Bd2 Rh3 35. Rd8+ Kh7 36. g5 Rh2+ 37. Kd1 Nf3 38.
Be3 hxg5 39. Bxa7 g4 40. Bb8 Rh1+ 41. Kc2 Re1 42. Bg3 Rg1 43. Bc7 g3 44. Bb6 Re1 0-1

[Event "HSG Open 2022 A"]
[Site "Hilversum, Netherlands"]
[Date "2022.06.19"]
[Round "6.8"]
[White "Maters, Arthur"]
[Black "Tabak, Stefan"]
[Result "1-0"]
[TimeControl "1:50 + 0.10"]
[WhiteElo "2065"]
[BlackElo "2164"]

1. e4 c5 2. Nf3 Nc6 3. Bb5 g6 4. O-O Bg7 5. Re1 e5 6. Bxc6 dxc6 7. d3 Qc7 8. Be3 b6 9. a4 a5 10.
c3 Nf6 11. d4 cxd4 12. cxd4 exd4 13. Qxd4 c5 14. Qd2 O-O 15. Bf4 Qb7 16. Nc3 Bg4 17. Ne5 Be6 18. Nf3 Rad8 19. Qe2 Rfe8 20.
Rad1 Rxd1 21. Qxd1 Bg4 22. h3 Bd7 23. Qd3 Nh5 24. Bg5 h6 25. Be3 Bc6 26. Nd2 Kh7 27. b3 Nf6 28. f3 Nd7 29.
Nc4 Ne5 30. Qd2 Nxc4 31. bxc4 Qb8 32. Rb1 h5 33. Nd5 Bxd5 34. Qxd5 Re6 35. Qxc5 Qg3 36. Bf2 Qf4 37. Qe3 Qe5 38. g3 Rc6 39. Qd3 Qe6 40. Qd5 Rxc4 41.
Qxe6 fxe6 42. Rxb6 e5 43. Ra6 Rxa4 44.
Be1 Ra1 45. Kf2 Ra2+ 46. Ke3 Ra3+ 47.
Ke2 a4 48. h4 Ra2+ 49. Kd3 Ra3+ 50. Bc3 Ra2 51. Ra7 Kg8 52. Kc4 Rf2 53. f4 a3 54. Rxa3 Rf3 55. Ra8+ Kh7 56. Ra7 Kg8 57. Bxe5 Bxe5 58. fxe5 Rxg3 59. e6 Kf8 60. Kd5 g5 61. hxg5 Rxg5+ 62. Kd6 Rg1 63. Ra8+ Kg7 64. e7 1-0

[Event "HSG Open 2022 A"]
[Site "Hilversum, Netherlands"]
[Date "2022.06.19"]
[Round "6.9"]
[White "Van Meegen, Ruud"]
[Black "Bosboom, Ardin"]
[Result "1-0"]
[TimeControl "1:50 + 0.10"]
[WhiteElo "2285"]
[BlackElo "2083"]

1. d4 d5 2. c4 c6 3. Nc3 Nf6 4. cxd5 cxd5 5. Bf4 Nc6 6. e3 a6 7. Bd3 e6 8. Rc1 Bd6 9. Bxd6 Qxd6 10.
f4 Bd7 11. Nf3 Qb4 12. O-O Na5 13.
Ne5 b5 14. b3 Nb7 15. g4 h5 16. g5 Ng4 17. Qe1 Nxe5 18. fxe5 Qe7 19. h4 b4 20. Ne2 Bb5 21. Nf4 Bxd3 22.
Nxd3 a5 23. Rc2 O-O 24. Qd1 g6 25. Rf6 Rac8 26. Nf4 Qd7 27. Rf2 Qc7 28. Nxg6 1-0

[Event "HSG Open 2022 A"]
[Site "Hilversum, Netherlands"]
[Date "2022.06.19"]
[Round "6.10"]
[White "Honkoop, Gilian"]
[Black "Schilstra, Laurens"]
[Result "1-0"]
[TimeControl "1:50 + 0.10"]
[WhiteElo "2208"]
[BlackElo "1962"]

1. c4 Nf6 2. Nf3 g6 3. d4 Bg7 4. Nc3 O-O 5. Bg5 c6 6. e3 d5 7. h3 Be6 8. Qb3 dxc4 9. Bxc4 Bxc4 10.
Qxc4 Qa5 11. O-O Qf5 12. Qb4 Nbd7 13. Qxe7 Rfe8 14. Qa3 h6 15. Bf4 g5 16. Bg3 h5 17. Rae1 Nf8 18. h4 gxh4 19.
Nxh4 Qg4 20. Qc5 b5 21. Qxc6 b4 22. Ne2 Rac8 23. Qa4 Rc4 24. f3 Qg5 25. e4 Rd8 26. Nf5 Ng6 27. Qb3 Rc6 28.
Bf2 Qd2 29. d5 Rcc8 30. Be3 Qc2 31. Ned4 Qxb3 32. axb3 Ne5 1-0

[Event "HSG Open 2022 A"]
[Site "Hilversum, Netherlands"]
[Date "2022.06.19"]
[Round "6.12"]
[White "Floor, Dirk"]
[Black "Jonsson, Gauti Pall"]
[Result "0-1"]
[TimeControl "1:50 + 0.10"]
[WhiteElo "2198"]
[BlackElo "2036"]

1. d4 e6 2. c4 f5 3. Nf3 Nf6 4. a3 Be7 5. g3 O-O 6. Bg2 d6 7. O-O Nbd7 8. Ng5 Nb6 9. d5 e5 10.
b3 h6 11. Ne6 Bxe6 12. dxe6 Qc8 13. Nc3 c6 14. a4 a5 15. e4 Qxe6 16. Bh3 g6 17. Bxh6 Rf7 18. Be3 Rh7 19. Bg2 Nbd7 20.
f3 Kg7 21. Ra2 Rah8 22. Bh1 Nh5 23. Ne2 Nxg3 24. Nxg3 f4 25. Nf5+ gxf5 26. Rg2+ Kf8 27. exf5 Qxf5 28. Bd2 d5 29. Be1 Nf6 30. Bf2 Rh3 31.
Bb6 Nd7 32. Ba7 b6 33. Re1 Bc5+ 34. Kf1 Rxh2 0-1